 Dungeon Crawl Stone Soup version 0.29-a0-322-g68df515428 (webtiles) character file.

Game seed: 13236802439954399535

4 kae the Firebug (level 1, 0/10 HPs)
             Began as a Tengu Fire Elementalist on Apr 8, 2022.
             Slain by a jackal (1 damage)
             ... on level 1 of the Dungeon.
             The game lasted 00:00:11 (121 turns).

kae the Firebug (Tengu Fire Elementalist)            Turns: 121, Time: 00:00:11

Health: 0/10       AC:  2    Str:  8    XL:     1   Next: 70%
Magic:  0/4        EV: 12    Int: 15    God:
Gold:   0          SH:  0    Dex: 14    Spells: 3/4 levels left

rFire   . . .      SeeInvis .   (no weapon)
rCold   . . .      Faith    .   (no shield)
rNeg    . . .      Spirit   .   a - +0 robe
rPois   .          Reflect  .   (helmet restricted)
rElec   .          Harm     .   (no cloak)
rCorr   .          Rampage  .   (no gloves)
Will    .....                   (boots unavailable)
Stlth   ++........              (no amulet)
HPRegen 0.03/turn               (no ring)
MPRegen 0.09/turn               (no ring)

@: flying
A: beak, talons 3
a: no special abilities


You were on level 1 of the Dungeon.
You visited 1 branch of the dungeon, and saw 1 of its levels.

Inventory:

Armour
 a - a +0 robe (worn)
Scrolls
 c - a scroll of silence {unknown}
Potions
 b - a potion of magic


   Skills:
 + Level 0.1 Fighting
 + Level 0.2 Armour
 + Level 2.2 Dodging
 - Level 2.0 Stealth
 + Level 2.0 Spellcasting
 + Level 1.5 Conjurations
 * Level 3.4 Fire Magic


You had 3 spell levels left.
You knew the following spells:

 Your Spells              Type           Power      Damage    Failure   Level
a - Foxfire               Conj/Fire      36%        2x1d5     8%          1

Your spell library contained the following spells:

 Spells                   Type           Power      Damage    Failure   Level
 Scorch                   Fire           22%        2d6       9%          2
 Conjure Flame            Conj/Fire      9%         6-21      24%         3
 Inner Flame              Hex/Fire       6%         N/A       32%         3
 Flame Wave               Conj/Fire      9%         2d5       61%         4


Dungeon Overview and Level Annotations

Branches:
Dungeon (1/15)

Altars:


Innate Abilities, Weirdness & Mutations

You have a beak for a mouth.
You have claws for feet.


Message History

The foxfire hits the jackal but does no damage.
The jackal is moderately wounded.
The jackal barely misses you.
The jackal bites you but does no damage.
Casting: Foxfire (safe; 8% risk of failure)
Confirm with . or Enter, or press ? or * to list all spells.
You conjure some foxfire!
The jackal misses you. The jackal bites you. The jackal barely misses you.
The foxfire hits the jackal but does no damage.
The jackal is moderately wounded.
The foxfire hits the jackal.
The jackal is severely wounded.
The jackal bites you. The jackal barely misses you. The jackal bites you.
Casting: Foxfire (safe; 8% risk of failure)
Confirm with . or Enter, or press ? or * to list all spells.
You conjure some foxfire!
The jackal misses you. The jackal completely misses you.
The jackal closely misses you. The jackal barely misses you. x3
The foxfire hits the jackal but does no damage.
The foxfire hits the jackal.
The jackal is almost dead.
The jackal bites you.
* * * LOW HITPOINT WARNING * * *
The jackal stops to sniff the ground.
The jackal bites you.
* * * LOW HITPOINT WARNING * * *
The jackal completely misses you.
Casting: Foxfire (safe; 8% risk of failure)
Confirm with . or Enter, or press ? or * to list all spells.
You don't have enough magic to cast this spell.
It was a potion of flight.
You feel very buoyant.
You fly up into the air.
The jackal bites you but does no damage.
The jackal barely misses you. The jackal closely misses you.
The jackal completely misses you. The jackal closely misses you. x2
You hit the jackal but do no damage. Your kick misses the jackal.
The jackal is almost dead.
The jackal bites you.
You die...

.>.. ... ....
.....###.# #.#..
..........#......
#..........#.#....
#..........#......
#.................
#.........hh......
#.........@h......
#...........?.....
#.................
#...[.)..........
#................
#.....................
#..................#..
#....................
#..†...............#


You could see 3 jackals.

Vanquished Creatures
  A giant cockroach (D:1)
  A jackal (D:1)
  A quokka (D:1)
  A kobold (D:1)
4 creatures vanquished.

Vanquished Creatures (others)
  24 foxfires (D:1)
24 creatures vanquished.

Grand Total: 28 creatures vanquished

Notes
Turn   | Place    | Note
-------+----------+-------------------------------------------
     0 | D:1      | kae the Tengu Fire Elementalist began the quest for the
                  | Orb.
     0 | D:1      | Reached XP level 1. HP: 10/10 MP: 4/4
   121 | D:1      | Slain by a jackal

Illustrated notes

Levels and vault maps discovered:
D:1:      minmay_arrival_semitransparent, layout_basic, basic_ecumenical_altar

Action                   || total
-------------------------++-------
Melee: Unarmed           ||     1
 Cast: Foxfire           ||    12
  Use: Potion            ||     1
Armor: Robe              ||     2
Dodge: Dodged            ||    16

Table legend: (Time is in decaauts)
 A = Elapsed time spent in this place.
 B = Non-inter-level travel time spent in this place.
 C = Inter-level travel time spent in this place.
 D = Time resting spent in this place.
 E = Time spent auto-exploring this place.
 F = Levels seen in this place.
 G = Mean time per level.
                   A        B        C        D        E       F      G
               +--------+--------+--------+--------+--------+-----+--------+
         Total |    121 |    121 |      0 |      0 |     85 |   1 |  121.0 |
       Dungeon |    121 |    121 |      0 |      0 |     85 |   1 |  121.0 |
               +--------+--------+--------+--------+--------+-----+--------+

Top non-repeatable levels by time:
     D:1: 121 daAuts
